Map: Torches LE

Players

ManlyManMeat - Winner!

  • Race: Zerg Zerg
  • Spawn Location: 1:00

IIIIIIIIIIII

  • Race: Terran Terran
  • League: Gold
  • Spawn Location: 5:00

VOD

Have the link to the VOD?

Description

Time

  • Played on: May 14, 2025, 5:37 p.m.
  • Length: 20:17
Show
View Real Time Build Order
Export as new Build Order

ManlyManMeat Zerg - Winner!

Build Orders: Hatch First 

Get SALT Encoding   

  12  0:07  Overlord  
  12  0:20  Drone x2  
  14  0:26  Drone  
  15  0:34  Drone  
  16  0:52  Drone  
  16  0:53  Hatchery  
  16  1:02  Drone  
  17  1:05  Extractor  
  17  1:07  Drone  
  17  1:26  Spawning Pool  
  17  1:30  Drone x2  
  18  1:56  Drone x2  
  20  2:07  Drone  
  21  2:14  Queen x2  
  25  2:16  Metabolic Boost  
  25  2:19  Zergling x2  
  26  2:23  Overlord  
  26  2:29  Overlord  
  26  2:41  Drone x4  
  30  2:49  Overlord  
  30  2:59  Lair  
  30  3:01  Drone x2  
  32  3:13  Zergling x4  
  32  3:18  Queen  
  35  3:29  Evolution Chamber  
  35  3:30  Evolution Chamber  
  35  3:31  Zergling x8  
  37  3:41  Zergling x8  
  37  3:43  Zergling x2  
  42  3:51  Zergling x4  
  44  4:13  Zergling x14  
  44  4:15  Overlord x2  
  51  4:34  Overlord x2  
  51  4:45  Hatchery  
  51  4:50  Queen  
  52  4:58  Zerg Melee Weapons Level 1, Zerg Ground Armor Level 1  
  52  5:07  Baneling Nest  
  52  5:08  Extractor  
  50  5:17  Queen  
  52  5:48  Drone x5  
  52  5:49  Drone x2  
  59  6:03  Drone  
  60  6:11  Infestation Pit  
  60  6:14  Drone x8, Extractor  
  60  6:15  Extractor  
  65  6:52  Zerg Missile Weapons Level 1  
  65  6:53  Hive  
  65  6:55  Zergling x2  
  65  6:56  Zergling x8  
  65  6:59  Baneling x3  
  70  7:04  Centrifugal Hooks  
  70  7:16  Baneling  
  70  7:17  Baneling x3  
  70  7:18  Baneling x2  
  70  7:36  Infestor  
  72  7:43  Extractor  
  71  7:44  Drone x3, Extractor  
  71  7:45  Drone x2  
  75  8:04  Zerg Melee Weapons Level 2  
  75  8:07  Adrenal Glands  
  75  8:25  Overlord x7  
  75  8:29  Infestor  
  77  8:46  Infestor  
  77  8:47  Infestor  
  81  8:49  Zergling x26  
  81  8:50  Zergling x4  
  81  8:51  Baneling x3  
  81  8:54  Drone x6  
  81  8:55  Drone  
  103  9:05  Zergling x2  
  103  9:06  Zergling x8  
  103  9:07  Zergling x2  
  71  10:09  Zergling x36  
  75  10:52  Overseer  
  75  11:08  Spire  
  75  11:10  Zerg Melee Weapons Level 3, Zerg Ground Armor Level 2, Infestation Pit  
  65  11:43  Drone x13  
  77  11:48  Hatchery  
  75  11:59  Overlord x3  
  71  12:02  Hatchery  
  67  12:24  Corruptor x6  
  79  12:36  Zergling x4  
  77  12:56  Spore Crawler  
  77  12:57  Spore Crawler  
  77  12:58  Spore Crawler  
  74  13:00  Spore Crawler  
  74  13:01  Spore Crawler  
  74  13:02  Spore Crawler  
  74  13:03  Spore Crawler  
  66  13:12  Overseer  
  62  13:13  Overseer  
  62  13:16  Zergling x20  
  67  14:10  Zerg Ground Armor Level 3  
  67  14:17  Ultralisk Cavern  
  67  14:18  Drone x2  
  67  14:19  Ultralisk Cavern  
  67  14:21  Drone x4  
  69  14:58  Drone x2  
  69  14:59  Drone x3  
  74  15:01  Drone x6  
  80  15:23  Hatchery  
  79  15:32  Hatchery  
  78  15:36  Ultralisk x4  
  78  15:37  Ultralisk x4  
  126  15:55  Chitinous Plating  
  126  16:39  Zergling x56  
  154  16:41  Overlord x3  
  154  16:45  Overseer x2  
  154  16:58  Drone x2  
  154  17:00  Overlord  
  154  17:01  Overlord x2  
  156  17:15  Extractor  
  155  17:18  Extractor  
  154  17:24  Zerg Missile Weapons Level 2  
  129  19:01  Corruptor x11  
  149  19:39  Corruptor x3  
Show
View Real Time Build Order
Export as new Build Order

IIIIIIIIIIII Terran 

Build Orders:  

Get SALT Encoding   

  12  0:20  Supply Depot  
  13  0:21  SCV  
  13  0:33  SCV  
  14  0:43  Barracks  
  14  0:45  SCV  
  15  0:58  Barracks  
  15  1:01  Refinery  
  15  1:02  SCV  
  16  1:24  Barracks  
  16  1:29  SCV  
  16  1:31  Marine  
  18  1:38  Refinery  
  18  1:45  Engineering Bay  
  18  1:54  Marine  
  18  2:01  Marine  
  20  2:17  Terran Infantry Weapons Level 1  
  20  2:19  Barracks Tech Lab  
  19  2:57  Marine x2  
  22  2:59  Bunker  
  22  3:01  Marauder  
  23  3:17  Supply Depot  
  23  3:33  Bunker  
  23  3:38  Marine x2  
  23  3:39  Marauder  
  27  3:52  Combat Shield  
  27  4:00  Marauder  
  27  4:01  Factory  
  29  4:09  Bunker  
  29  4:19  Marine x2  
  31  4:33  Orbital Command, Supply Depot  
  31  4:53  Bunker  
  31  4:55  Marine x2  
  31  4:58  Factory Tech Lab  
  33  5:06  Terran Infantry Armor Level 1  
  33  5:13  Missile Turret  
  33  5:29  Marine x2  
  33  5:30  Bunker  
  36  5:37  Siege Tank  
  39  5:42  SCV  
  39  6:04  Bunker, Concussive Shells  
  39  6:12  Supply Depot  
  39  6:16  Barracks Reactor  
  39  6:23  Starport  
  39  6:39  Bunker  
  39  6:48  Missile Turret  
  39  6:53  Marine  
  40  7:09  Command Center  
  40  7:16  Viking  
  42  7:29  Missile Turret  
  44  8:06  Marine  
  44  8:07  Marine x2  
  45  8:18  Starport Tech Lab  
  43  8:38  Bunker  
  43  8:41  Banshee  
  43  8:42  Cloaking Field  
  43  8:47  Marine  
  47  9:00  Planetary Fortress  
  47  9:11  Marine x2  
  47  9:14  Marine  
  47  9:24  Banshee  
  26  10:00  Siege Tank  
  27  10:07  Banshee  
  30  10:22  SCV  
  31  10:32  Siege Tank  
  31  10:34  SCV  
  35  10:46  SCV  
  35  10:49  Banshee  
  36  10:51  Marine  
  36  10:52  Marine x2  
  42  10:58  SCV  
  43  11:10  SCV  
  32  11:32  Banshee  
  27  11:35  SCV  
  20  11:47  SCV  
  20  11:59  SCV  
  20  12:11  SCV  
  20  12:12  Widow Mine  
  23  12:15  Viking  
  25  12:24  SCV  
  26  12:31  Missile Turret  
  26  12:33  Widow Mine  
  26  12:36  SCV  
  29  12:45  Viking  
  29  12:48  SCV  
  29  12:55  Widow Mine  
  27  13:24  SCV  
  25  13:33  Viking  
  25  13:36  SCV  
  24  13:48  SCV  
  25  13:57  Missile Turret  
  25  13:59  Missile Turret  
  25  14:00  SCV  
  24  14:05  Missile Turret  
  24  14:06  Missile Turret  
  24  14:08  Widow Mine  
  24  14:12  SCV  
  25  14:20  Supply Depot  
  25  14:22  Missile Turret  
  26  14:25  SCV  
  26  14:27  SCV  
  27  14:44  SCV  
  26  14:56  Missile Turret, SCV  
  26  14:58  Missile Turret  
  27  15:05  Missile Turret  
  28  15:07  SCV  
  28  15:19  SCV  
  29  15:31  SCV  
  30  15:41  Supply Depot  
  30  15:43  SCV  
  30  15:44  Factory Tech Lab  
  30  15:49  Refinery  
  31  15:53  Refinery  
  31  15:55  SCV  
  32  15:57  Missile Turret  
  32  15:58  Missile Turret  
  32  16:00  Sensor Tower  
  32  16:07  Bunker, SCV  
  33  16:12  Bunker  
  33  16:19  SCV  
  33  16:20  Bunker  
  34  16:26  Viking  
  36  16:57  Siege Tank  
  39  17:09  Marine  
  40  17:19  Factory  
  40  17:27  Marine  
  40  17:29  Siege Tank  
  21  17:45  Marine  
Tags
 
League
Gold
Matchup
TvZ
Replay Pack
Multiplayer
Spawn Locations
Close Positions
Add a new tag
Caveats
  • Supply blocks, unpowered buildings, or Contaminate may cause inaccurate times.
  • Supply counts are checked every 10 seconds.